 Dungeon Crawl Stone Soup version 0.32-a0-607-g64ea0e4219 (webtiles) character file.

Game seed: 15205381409138225104

159 FIREandBLOOD the Digger (level 5, -5/38 HPs)
             Began as a Formicid Earth Elementalist on Mar 4, 2024.
             Slain by an orc
             ... wielding a +0 flail
              (8 damage)
             ... on level 3 of the Dungeon.
             The game lasted 00:22:33 (2767 turns).

FIREandBLOOD the Digger (FoEE)                      Turns: 2767, Time: 00:22:34

Health: -5/38      AC:  2    Str: 12    XL:     5   Next: 68%
Magic:  2/10       EV: 12    Int: 17    God:
Gold:   147        SH:  0    Dex: 20    Spells: 7/11 levels left

rFire   . . .        h - +0 spear
rCold   . . .        (no shield)
rNeg    + . .        a - +0 robe
rPois   .            (helmet unavailable)
rElec   .            (no cloak)
rCorr   .            (no gloves)
SInv    +            (no boots)
Will    .....        (no amulet)
Stlth   +            c - +6 ring of dexterity
HPRegen 0.26/turn    m - ring of positive energy
MPRegen 0.12/turn

%: no passive effects
@: on fire, glowing
A: permanent stasis, dig shafts and tunnels, antennae 3, four strong arms
a: Dig, Shaft Self


You were on level 3 of the Dungeon.
You visited 1 branch of the dungeon, and saw 3 of its levels.

You collected 147 gold pieces.

Inventory:

Hand Weapons
 h - a +0 spear (weapon)
Armour
 a - a +0 robe (worn)
Jewellery
 c - a +6 ring of dexterity (left hand)
 m - a ring of positive energy (right hand)
Scrolls
 e - a scroll of fog {unknown}
 f - 2 scrolls of teleportation {unknown}
 i - 4 scrolls of revelation {unknown}
 j - 6 scrolls of identify {unknown}
 n - a scroll of acquirement {unknown}
Potions
 b - a potion of magic
 d - a potion of brilliance {unknown}
 g - a potion of curing
 k - a potion of resistance {unknown}
 l - a potion of mutation {unknown}


   Skills:
 - Level 2.0 Fighting
 - Level 1.7 Dodging
 - Level 2.4 Stealth
 + Level 3.9 Spellcasting
 + Level 1.5 Conjurations
 - Level 5.0 Earth Magic


You had 7 spell levels left.
You knew the following spells:

 Your Spells              Type           Power      Damage    Failure   Level
a - Sandblast             Erth           40%        2d10      1%          1
b - Summon Ice Beast      Ice/Summ       3%         N/A       43%         3

Your spell library contained the following spells:

 Spells                   Type           Power      Damage    Failure   Level
 Passwall                 Erth           20%        N/A       6%          3
 Stone Arrow              Conj/Erth      28%        3d8       12%         3
 Momentum Strike          Conj/Tloc      10%        3d8       17%         2
 Lesser Beckoning         Tloc           6%         N/A       24%         2
 Hailstorm                Conj/Ice       5%         3d5       34%         3
 Brom's Barrelling Bould  Conj/Erth      14%        2d4       38%         4
 Petrify                  Alch/Erth      11%        N/A       50%         4
 Sculpt Simulacrum        Ice/Alch       1%         N/A       100%        6
 Blink                    Tloc           Unusable   N/A       N/A         2

Dungeon Overview and Level Annotations

Branches:
Dungeon (3/15)

Altars:


Innate Abilities, Weirdness & Mutations

You cannot be hasted, slowed, berserked, paralysed or teleported.
You can dig through walls and to a lower floor.
You have a pair of large antennae on your head. (SInv)
Your four strong arms can wield two-handed weapons with a shield.


Message History

Press: ? - help, Q - select action, (/) - cycle Shift-Dir - straight line, f/p - bombardier beetle
Aim: a bombardier beetle (heavily wounded, 89% to hit)
The blast of sand hits the bombardier beetle.
The bombardier beetle is severely wounded.
The liquid fire burns you!
Aiming: Sandblast (safe; 2% risk of failure)
Press: ? - help, Q - select action, (/) - cycle Shift-Dir - straight line, f/p - bombardier beetle
Aim: a bombardier beetle (severely wounded, 89% to hit)
The blast of sand hits the bombardier beetle.
The bombardier beetle is almost dead.
The liquid fire burns you! The bombardier beetle bites you.
Aiming: Sandblast (safe; 2% risk of failure)
Press: ? - help, Q - select action, (/) - cycle Shift-Dir - straight line, f/p - bombardier beetle
Aim: a bombardier beetle (almost dead, 89% to hit)
The blast of sand hits the bombardier beetle.
The bombardier beetle is almost dead.
The liquid fire burns you!
* * * LOW HITPOINT WARNING * * *
The bombardier beetle sprays incendiary fluid at you.
The burning spray hits you.
You are even more covered in liquid fire!
Okay, then.
Aiming: Sandblast (safe; 2% risk of failure)
Press: ? - help, Q - select action, (/) - cycle Shift-Dir - straight line, f/p - bombardier beetle
Aim: a bombardier beetle (almost dead, 89% to hit)
The blast of sand hits the bombardier beetle.
You kill the bombardier beetle!
The liquid fire burns you!
* * * LOW HITPOINT WARNING * * *
Training target 5.0 for Earth Magic reached!
Your Earth Magic skill increases to level 5!
You shake off some of the fire as you move.
The liquid fire burns you!
* * * LOW HITPOINT WARNING * * *
It was a potion of curing.
You feel better. The liquid fire burns you!
* * * LOW HITPOINT WARNING * * *
The orc hits you with a +0 flail!
You die...

.o.#....#.#.# #...#.#. #..{...#.#
#.#.#.#. .{
##{#.###.#######.#.#.#.
.oo###.#.#<#.##...##.......
.o..o..)..................>
#..#.######....#.#.##...####.#.#.
#..#.# #..$.#)#.##...# #.#...
#....# ####.#o#.###### #.###.
...#.#########.#@#.# #.....
............##...#.# #.....
............######.# #..<..
...................# #.....
............## #.#'#.
.............# ###.#...
.............# #...#.#.
.............# #...#...
.............# #.......


You could see an orc.

Vanquished Creatures
  A bombardier beetle (D:3)
  An orc priest (D:3)
  Terence (D:2)
  2 ribbon worms (D:2)
  2 dart slugs
  5 orcs (D:3)
  5 bats
  3 endoplasms
  3 goblins
  6 hobgoblins
  8 jackals
  2 quokkas (D:1)
  5 ball pythons
  6 frilled lizards
  2 kobolds (D:2)
  5 rats (D:1)
57 creatures vanquished.

Notes
Turn   | Place    | Note
-------+----------+-------------------------------------------
     0 | D:1      | FIREandBLOOD the Formicid Earth Elementalist began the
                  | quest for the Orb.
     0 | D:1      | Reached XP level 1. HP: 13/13 MP: 3/3
   110 | D:1      | Reached XP level 2. HP: 17/19 MP: 0/5
   306 | D:1      | Reached skill level 4 in Earth Magic
   564 | D:1      | Reached XP level 3. HP: 24/24 MP: 5/7
  1352 | D:2      | Noticed Terence
  1669 | D:2      | Killed Terence
  1670 | D:2      | Reached skill level 1 in Fighting
  1670 | D:2      | Reached XP level 4. HP: 32/32 MP: 2/9
  2307 | D:3      | Learned a level 3 spell: Summon Ice Beast
  2483 | D:3      | :)
  2508 | D:3      | Reached skill level 1 in Conjurations
  2739 | D:3      | Reached XP level 5. HP: 38/38 MP: 6/10
  2766 | D:3      | Reached skill level 5 in Earth Magic
  2767 | D:3      | Slain by an orc

Illustrated notes

.......................#
...†............##
.................#
.................#
.................#
..)..............#
.................#
.................#
...........@.....###
...................#
................##.#####
................#......#
......................#
.....................#
...........?........#
..)................#
.......#......##


Turn 2483 on D:3: :)

Levels and vault maps discovered:
D:1:      amcnicky_arrival_single_pillar, layout_basic, serial_aquarium,
          aquarium_bridge_square [aquarium_subvault_bridge,
          aquarium_subvault_window, aquarium_subvault_window,
          aquarium_subvault_wall], aquarium_bridge_square
          [aquarium_subvault_window, aquarium_subvault_wall,
          aquarium_subvault_bridge, aquarium_subvault_window],
          aquarium_window_fake, aquarium_window_1, aquarium_window_1,
          aquarium_window_double, aquarium_view_2a, aquarium_view_2d,
          aquarium_balcony_5b
D:2:      layout_basic, uniq_terence
D:3:      layout_basic, minmay_ogre_servants

Skill      XL: |  1  2  3  4  5 |
---------------+----------------+-----
Earth Magic    | 4 5 |  5.0
Spellcasting   | 3 |  3.9
Fighting       | 1 2 |  2.0
Conjurations   | 1 |  1.5
Dodging        | |  1.7
Stealth        | |  2.4

Action                     |  1- 3 |  4- 6 || total
---------------------------+-------+-------++-------
  Melee: Unarmed           |    24 |       ||    24
         Spear             |     6 |       ||     6
         Punch             |     1 |       ||     1
   Cast: Sandblast         |    51 |    34 ||    85
    Use: Potion            |     1 |     1 ||     2
   Stab: Sleeping          |     1 |       ||     1
 Armour: Robe              |    33 |     7 ||    40
  Dodge: Dodged            |    45 |     5 ||    50

Table legend: (Time is in decaauts)
 A = Elapsed time spent in this place.
 B = Non-inter-level travel time spent in this place.
 C = Inter-level travel time spent in this place.
 D = Time resting spent in this place.
 E = Time spent auto-exploring this place.
 F = Levels seen in this place.
 G = Mean time per level.
                   A        B        C        D        E       F      G
               +--------+--------+--------+--------+--------+-----+--------+
         Total |   2808 |   2669 |    139 |    392 |   1343 |   3 |  936.0 |
       Dungeon |   2808 |   2669 |    139 |    392 |   1343 |   3 |  936.0 |
               +--------+--------+--------+--------+--------+-----+--------+

Top non-repeatable levels by time:
     D:1: 1376 daAuts
     D:2: 914 daAuts
     D:3: 518 daAuts
